AoeStats
← Ouki-San

Arabia

508462999Analyzed
1v1 RM · 10d ago on Sep 22, 2026· 29m 11s· 2 players
Game mode
Random Map
Map size
Tiny (2 player)
Population
200
Speed
Normal
Resources
Standard
Victory
Conquest
Starting age
Dark Age
Ending age
Imperial Age
RankedLock teamsTeams togetherTeam positionsShared explorationLock speedFull tech treeHidden civsTurbo modeCheats
Victory
Defeat
🇪🇸 Wei · Spain
1265
+18
🇫🇷 Poles · France
1304
-18
Odek
7:02 Loom
9:47 Feudal Age
10:38 Double-Bit Axe
10:34 Horse Collar
17:28 Wheelbarrow
20:58 Castle Age
20:04 Bloodlines
20:12 Scale Barding Armor
20:01 Gold Mining
20:53 Forging
21:52 Bow Saw
22:05 Chain Barding Armor
22:19 Husbandry
24:40 Iron Casting
28:11 Scale Mail Armor
Ouki-San
7:44 Loom
10:27 Feudal Age
11:19 Double-Bit Axe
21:58 Castle Age
20:08 Gold Mining
20:23 Horse Collar
21:18 Scale Barding Armor
21:27 Forging
21:31 Bloodlines
23:27 Chain Barding Armor
23:19 Bow Saw
Connection lost

Rejoining the realm…

Still unreachable

The connection could not be restored.

Session expired

The server has moved on; the page needs a fresh start.